 Dungeon Crawl Stone Soup version 0.17.2-1-ge4368a0 (webtiles) character file.

1075 Goblin1989 the Covert (level 8, -10/60 HPs)
             Began as a Vampire Assassin on Dec 20, 2016.
             Was a Believer of Nemelex Xobeh.
             Killed by divine providence
             ... invoked by an orc priest
              (16 damage)
             ... on level 6 of the Dungeon.
             The game lasted 00:16:30 (7271 turns).

Goblin1989 the Covert (Vampire Assassin)            Turns: 7271, Time: 00:16:31

Health: -10/60     AC:  5    Str: 10    XL:     8   Next: 8%
Magic:  9/9        EV: 15    Int: 14    God:    Nemelex Xobeh [**....]
Gold:   250        SH:  0    Dex: 17    Spells: 0 memorised, 7 levels left

rFire  . . .     SeeInvis +     a - +2 dagger
rCold  + . .     Clarity  .     c - +0 robe
rNeg   + + .     SustAt   .     (no shield)
rPois  +         Gourm    .     (no helmet)
rElec  .         Spirit   .     d - +0 cloak
rCorr  .         Warding  .     b - +1 pair of gloves
rMut   .         Stasis   .     (no boots)
MR     .....                    (no amulet)
Stlth  +++++.....               (no ring)
                                (no ring)

@: regenerating slowly, not resistant to hostile enchantments, quite stealthy
A: fangs 3, see invisible, unbreathing
a: Bat Form, Renounce Religion


You were on level 6 of the Dungeon.
You worshipped Nemelex Xobeh.
Nemelex Xobeh was pleased with you.
You were very thirsty.

You visited 1 branch of the dungeon, and saw 7 of its levels.

You collected 250 gold pieces.

Inventory:

Hand Weapons
 a - a +2 dagger (weapon)
 r - a cursed -3 dagger
 w - a +0 blowgun {@w1}
Missiles
 e - 24 poisoned needles (quivered)
 f - a curare-tipped needle
Armour
 b - a +1 pair of gloves (worn)
 c - a +0 robe (worn)
 d - a +0 cloak (worn)
Scrolls
 g - 4 scrolls of identify {unknown}
 i - 3 scrolls of immolation {unknown}
 l - a scroll of enchant weapon {unknown}
 n - a scroll of teleportation {unknown}
 s - a scroll of remove curse {unknown}
Potions
 h - 2 potions of curing {unknown}
 j - 2 potions of agility {unknown}
 k - a potion of haste {unknown}
 o - a potion of magic {unknown}
 q - 5 potions of blood
Miscellaneous
 m - a plain deck of war
 p - a plain deck of wonders
 t - an ornate deck of destruction {drawn: 4}


   Skills:
 * Level 3.8 Fighting
 * Level 5.5 Short Blades
 - Level 1.5 Throwing
 * Level 4.5 Dodging
 + Level 10.1 Stealth
 + Level 2.0 Evocations


You had 7 spell levels left.
You didn't know any spells.

Dungeon Overview and Level Annotations

Branches:
Dungeon (7/15)             Temple (0/1) D:4

Altars:
Fedhas
Makhleb
Nemelex Xobeh
Okawaru
Ru
Sif Muna
Trog

Annotations:
D:5 dscm's ghost, novice OpEE


Innate Abilities, Weirdness & Mutations

You heal slowly.
You have razor-sharp teeth.
You have supernaturally acute eyesight.
You can survive without breathing.


Message History

You hit the orc.
The orc is severely wounded.
You barely miss the orc. You bite the orc.
The orc is almost dead.
The orc hits you with a flail of protection!
* * * LOW HITPOINT WARNING * * *
You take 10 damage, and have 8/60 hp.
You hit the orc but do no damage. Your bite misses the orc.
The orc is almost dead.
You barely miss the orc.
The orc is almost dead.
The orc hits you with a flail of protection.
* * * LOW HITPOINT WARNING * * *
You take 3 damage, and have 6/60 hp.
You hit the orc but do no damage.
The orc is almost dead.
The orc priest invokes the aid of Beogh against you.
Something smites you!
You die...
Your body glows slightly and disappears.

█.██. █..█ █. █.██.
█..████ ██
██.██.██.....██████
..........██.......
█........█████████
█.███....█
█......>.█
█)(......█
█@████..██


█o█ ...█ █o. ...... ..█.███.███ ███.█ .█ . .█ ██ You could see an orc priest and
an orc.

Vanquished Creatures
  2 centaurs
  An ogre (D:4)
  2 giant frogs (D:6)
  2 scorpions (D:4)
  A water moccasin skeleton (D:6)
  The ghost of dscm the Sneak, a weakling OpEE (D:4)
  A crimson imp (D:5)
  Ijyb (D:3)
  An orc wizard (D:7)
  4 hounds (D:5)
  An orc priest (D:6)
  2 worker ants (D:4)
  2 hound zombies
  The ghost of dscm the Sneak, a weakling OpEE (D:3)
  7 adders
  5 gnolls
  2 worms
  5 giant geckos
  7 orcs
  6 giant cockroaches
  11 hobgoblins
  15 kobolds
  A quokka (D:2)
  5 bats
  8 giant newts
  8 goblins
  A quokka skeleton (D:4)
  7 rats
110 creatures vanquished.

Notes
Turn   | Place    | Note
--------------------------------------------------------------
     0 | D:1      | Goblin1989 the Vampire Assassin began the quest for the Orb.
     0 | D:1      | Reached XP level 1. HP: 16/16 MP: 1/1
    10 | D:1      | Reached skill level 6 in Stealth
    62 | D:1      | Reached XP level 2. HP: 22/22 MP: 2/2
   319 | D:1      | Reached skill level 7 in Stealth
   592 | D:1      | Reached XP level 3. HP: 27/27 MP: 3/3
   909 | D:2      | Reached skill level 8 in Stealth
  1150 | D:2      | Reached XP level 4. HP: 33/33 MP: 4/4
  1411 | D:3      | Noticed Ijyb
  1422 | D:3      | Killed Ijyb
  1448 | D:3      | Noticed dscm's ghost (weakling OpEE)
  2338 | D:3      | Reached XP level 5. HP: 38/38 MP: 5/5
  2364 | D:3      | Found a sparkling altar of Nemelex Xobeh.
  2370 | D:3      | Became a worshipper of Nemelex Xobeh the Trickster
  2494 | D:3      | Found a deep blue altar of Sif Muna.
  2517 | D:3      | Received a gift from Nemelex Xobeh
  2565 | D:3      | Killed dscm's ghost
  2565 | D:3      | Reached skill level 9 in Stealth
  3126 | D:3      | Found a bloodstained altar of Trog.
  3366 | D:4      | Found a staircase to the Ecumenical Temple.
  3390 | D:4      | You fall through a shaft for 3 floors!
  3894 | D:6      | Reached XP level 6. HP: 44/44 MP: 6/6
  3900 | D:6      | Noticed a centaur
  3905 | D:6      | Killed a centaur
  3905 | D:6      | Reached skill level 1 in Evocations
  4227 | D:6      | Found a blossoming altar of Fedhas.
  4259 | D:5      | Entered Level 5 of the Dungeon
  4259 | D:5      | Found a sacrificial altar of Ru.
  4259 | D:5      | Found an iron altar of Okawaru.
  4267 | D:5      | Reached XP level 7. HP: 51/51 MP: 7/7
  4306 | D:4      | Reached * piety under Nemelex Xobeh
  4491 | D:4      | Received a gift from Nemelex Xobeh
  4520 | D:4      | Found a burning altar of Makhleb.
  4545 | D:4      | Noticed dscm's ghost (weakling OpEE)
  4547 | D:4      | Killed dscm's ghost
  5236 | D:5      | Reached skill level 5 in Short Blades
  6248 | D:4      | Reached skill level 10 in Stealth
  6875 | D:5      | Reached XP level 8. HP: 29/60 MP: 9/9
  6933 | D:5      | Noticed dscm's ghost (novice OpEE)
  7222 | D:6      | Reached ** piety under Nemelex Xobeh
  7271 | D:6      | Killed from afar by an orc priest

Action                   |  1- 3 |  4- 6 |  7- 9 || total
-------------------------+-------+-------+-------++-------
Melee: Dagger            |   127 |   152 |   202 ||   481
 Fire: Blowgun           |       |    10 |     9 ||    19
Evoke: Deck              |       |       |     4 ||     4
  Use: Potion            |       |     3 |     3 ||     6
 Stab: Distracted        |     2 |       |       ||     2
       Sleeping          |    14 |    21 |     6 ||    41

Vault maps used:
D:1:      dpeg_arrival_simpleton_c
D:3:      nemelex_deck, marbit_many_paths, led_sif_pool, hangedman_glass_teeth,
          kennysheep_nub, kennysheep_cross_room, uniq_iyjb
D:4:      overflow_temple_1_default, minmay_temple_entry_statues_fountains
D:5:      grunt_temple_overflow_open, first_bread
D:6:      fedhas_altar_2
